 Dungeon Crawl Stone Soup version 0.19-a0-1587-gaef70b6 (webtiles) character file.

181 graymark the Poker (level 5, 0/42 HPs)
             Began as a Merfolk Gladiator on Sept 16, 2016.
             Slain by a gnoll
             ... wielding a +3 spear
              (8 damage)
             ... on level 4 of the Dungeon.
             The game lasted 00:12:06 (3815 turns).

graymark the Poker (Merfolk Gladiator)              Turns: 3815, Time: 00:12:07

Health: 0/42       AC:  4    Str: 16    XL:     5   Next: 61%
Magic:  14/14      EV: 15    Int:  7    God:
Gold:   172        SH:  0    Dex: 15    Spells: 0 memorised, 4 levels left

rFire  . . .     SeeInvis .     a - +0 trident
rCold  . . .     Gourm    .     b - +0 leather armour
rNeg   . . .     Faith    .     (no shield)
rPois  .         Spirit   .     c - +0 helmet
rElec  .         Dismiss  .     (no cloak)
rCorr  .         Reflect  .     (no gloves)
MR     .....     Harm     .     (no boots)
Stlth  +.........               (no amulet)
                                (no ring)
                                s - ring of magical power

@: no status effects
A: change form in water, swift swim, stealthy swim
a: no special abilities


You were on level 4 of the Dungeon.
You were hungry.

You visited 1 branch of the dungeon, and saw 4 of its levels.

You collected 172 gold pieces.

Inventory:

Hand Weapons
 a - a +0 trident (weapon)
 e - a +0 hunting sling
Missiles
 d - 3 throwing nets (quivered)
 p - 97 stones
Armour
 b - a +0 leather armour (worn)
 c - a +0 helmet (worn)
 j - a +0 ring mail
 o - a +0 buckler
Jewellery
 s - a ring of magical power (left hand)
Scrolls
 h - a scroll of enchant weapon {unknown}
 i - a scroll of noise
 k - a scroll of teleportation
 m - a scroll of fog
 w - a scroll of remove curse
 y - a scroll of enchant armour {unknown}
 B - a scroll of identify
Potions
 n - 3 potions of flight
 q - a potion of agility
 r - a potion of mutation {unknown}
 t - a potion of brilliance
 u - a potion of invisibility {unknown}
 v - a potion of might
 x - 2 potions of curing
 A - 2 potions of lignification {unknown}
Books
 z - a Necronomicon

   Spells                             Type                      Level
   a - Haunt                          Necromancy/Summoning         7
   b - Borgnjor's Revivification      Necromancy                   8
   c - Death's Door                   Charms/Necromancy            8
   d - Infestation                    Necromancy                   8
   e - Necromutation                  Transmutation/Necromancy     8
Comestibles
 f - 4 bread rations
 g - 5 meat rations
 l - 4 chunks of flesh
 C - a beef jerky


   Skills:
 + Level 3.7 Fighting
 + Level 6.4 Polearms
 - Level 2.0 Throwing
 + Level 5.7 Dodging
 + Level 0.0 Stealth


You had 4 spell levels left.
You didn't know any spells.

Dungeon Overview and Level Annotations

Branches:
Dungeon (4/15)
 Temple: D:4-7

Altars:
Elyvilon

Annotations:
D:2 Ijyb, Sigmund


Message History

You are feeling hungry.
The gnoll hits you with a spear!
You hit the gnoll but do no damage. The gnoll closely misses you.
You hit the gnoll.
The gnoll is heavily wounded.
The gnoll barely misses you. The gnoll hits you with a spear.
You puncture the gnoll!
You kill the gnoll!
The gnoll hits you from afar with an enchanted spear.
The gnoll shouts!
The gnoll barely misses you.
Things that are here:
a spear; a gnoll corpse You barely miss the gnoll.
The gnoll barely misses you.
The gnoll hits you with an enchanted spear!
The gnoll hits you from afar with an enchanted spear.
You completely miss the gnoll. The gnoll hits you.
* * * LOW HITPOINT WARNING * * *
The gnoll hits you from afar with an enchanted spear!
You die...

.o..# ###.# #.# #.# #.#
###.##############
..................
...........##########.##
#########..# #.@.......
# #.....####g#####.## #
#.###.#..#g# #
#.###......# #
#.#<...[.###
#.....[)########.##
#####.#..........g.
...#..#######.##
######.##


You could see 2 gnolls.

Vanquished Creatures
  An orc wizard (D:3)
  6 adders
  A gnoll (D:4)
  An ooze (D:2)
  2 worms (D:2)
  A dart slug (D:2)
  A leopard gecko (D:2)
  11 orcs
  4 giant cockroaches
  7 goblins
  9 hobgoblins
  A quokka (D:3)
  9 bats
  7 frilled lizards
  6 kobolds
  7 rats
74 creatures vanquished.

Notes
Turn   | Place    | Note
-------+----------+-------------------------------------------
     0 | D:1      | graymark the Merfolk Gladiator began the quest for the Orb.
     0 | D:1      | Reached XP level 1. HP: 16/16 MP: 1/1
   130 | D:1      | Reached XP level 2. HP: 21/23 MP: 2/2
   298 | D:1      | Reached skill level 5 in Polearms
   984 | D:2      | Reached XP level 3. HP: 14/28 MP: 3/3
  1499 | D:2      | Noticed Sigmund
  1622 | D:2      | Reached XP level 4. HP: 23/35 MP: 4/4
  2138 | D:2      | Noticed Ijyb
  2179 | D:2      | Reached skill level 5 in Dodging
  2447 | D:3      | Found a white marble altar of Elyvilon.
  2661 | D:3      | Reached XP level 5. HP: 19/41 MP: 5/5
  2862 | D:3      | Reached skill level 6 in Polearms
  3151 | D:4      | HP: 1/41 [orc/enchanted mace (7)]
  3815 | D:4      | Slain by a gnoll

Vault maps used:
D:1:      minmay_arrival_doors, minmay_lizard_pond
D:2:      minmay_circled_x, uniq_iyjb, uniq_sigmund
D:3:      elyvilon_altar_3
D:4:      first_bread

Skill      XL: |  1  2  3  4  5 |
---------------+----------------+-----
Polearms       | 5 6 |  6.4
Fighting       | 3 |  3.7
Dodging        | 5 |  5.7
Throwing       | |  2.0

Action                   |  1- 3 |  4- 6 || total
-------------------------+-------+-------++-------
Melee: Trident           |   137 |   203 ||   340
  Use: Potion            |     4 |       ||     4
       Scroll            |       |     7 ||     7
  Eat: Chunk             |     2 |     7 ||     9
Armor: Leather armour    |    31 |    36 ||    67
Dodge: Dodged            |    75 |   149 ||   224
